 Dungeon Crawl Stone Soup version 0.28-a0-101-g18048e5a82 (webtiles) character file.

Game seed: 7510312594163389823

7 flotson the Sneak (level 1, -1/18 HPs)
             Began as a Demonspawn Delver on Aug 10, 2021.
             Frozen to death by an endoplasm (2 damage)
             ... on level 4 of the Dungeon.
             The game lasted 00:00:58 (232 turns).

flotson the Sneak (Demonspawn Delver)                Turns: 232, Time: 00:00:59

Health: -1/18      AC:  3    Str: 12    XL:     1   Next: 83%
Magic:  1/1        EV:  8    Int: 11    God:
Gold:   0          SH:  0    Dex: 14    Spells: 0/0 levels left

rFire   . . .      SeeInvis .   a - +0 trident
rCold   . . .      Faith    .   (no shield)
rNeg    . . .      Spirit   .   i - +0 leather armour
rPois   .          Reflect  .   (no helmet)
rElec   .          Harm     .   (no cloak)
rCorr   .          Rampage  .   (no gloves)
Will    .....                   (no boots)
Stlth   ++........              (no amulet)
HPRegen 0.06/turn               (no ring)
MPRegen 0.07/turn               (no ring)

@: hasted, constricted, very quick
A: no striking features
a: no special abilities


You were on level 4 of the Dungeon.
You visited 1 branch of the dungeon, and saw 3 of its levels.

Inventory:

Hand Weapons
 a - a +0 trident (weapon)
 b - a +0 hunting sling
 n - a +0 hand axe
Missiles
 j - 18 stones (quivered)
Armour
 i - a +0 leather armour (worn)
Wands
 g - a wand of digging (3)
 k - a wand of flame (17)
Scrolls
 c - a scroll of fog
 d - a scroll of magic mapping
 e - a scroll of fear
 l - 3 scrolls of enchant armour {unknown}
 m - a scroll of identify {unknown}
Potions
 h - a potion of flight {unknown}


   Skills:
 + Level 3.0 Fighting
 + Level 1.9 Axes
 + Level 0.2 Slings
 + Level 0.3 Armour
 + Level 1.9 Dodging
 - Level 4.5 Stealth
 + Level 0.2 Evocations


You couldn't memorise any spells.
You didn't know any spells.
Your spell library was empty.

Dungeon Overview and Level Annotations

Branches:
Dungeon (5/15)
 Temple: D:4-7

Altars:
Cheibriados


Message History

The endoplasm freezes you.
You are frozen.
The ball python hisses angrily.
There is a stone staircase leading up here.
The endoplasm freezes you.
You are frozen.
You climb upwards.
The orc priest shouts!
A frilled lizard, an endoplasm, a giant cockroach and 3 orcs come into view.
The orc shouts! x2
The endoplasm quivers.
You hear a shout!
Found 12 gold pieces.
There is a stone staircase leading down here.
The orc priest shouts!
The endoplasm freezes you.
You are frozen.
You climb downwards.
The ball python bites you. The ball python closely misses you.
The ball python bites you but does no damage.
The ball python grabs you. The ball python constricts you.
There is a stone staircase leading up here.
Unknown command.
You feel yourself speed up. The ball python closely misses you.
* * * LOW HITPOINT WARNING * * *
The ball python constricts you. The endoplasm hits you.
* * * LOW HITPOINT WARNING * * *
Unknown command.
a - a +0 trident (weapon)
The ball python barely misses you.
* * * LOW HITPOINT WARNING * * *
The ball python constricts you.
The endoplasm hits you but does no damage.
You hit the ball python but do no damage.
The ball python bites you.
* * * LOW HITPOINT WARNING * * *
x2 The ball python constricts you.
The endoplasm freezes you.
You are frozen.
You die...

....# ##..##
..##..###..## #..# .#
#.....## .>.# #
##...## ##..# #...#
##...# ##...##
##....## #
##.....####......#..#
##.####..##..JS.......
#.## ##......@.......
#.# #....#####...##
#.# #...## .# #.#
#....##### #.#
#......... #.#
#........ #.##
##.....##
###..####......# ##
...............###
#.###


You could see an endoplasm and a ball python.

Vanquished Creatures
  An adder skeleton (D:4)
  An endoplasm (D:4)
  A kobold (D:4)
  A ball python (D:4)
4 creatures vanquished.

Notes
Turn   | Place    | Note
-------+----------+-------------------------------------------
     0 | D:5      | flotson the Demonspawn Delver began the quest for the Orb.
     0 | D:5      | Reached XP level 1. HP: 18/18 MP: 1/1
    93 | D:4      | Found a snail-covered altar of Cheibriados.
   199 | D:4      | Noticed a scorpion
   227 | D:3      | Noticed an orc priest
   227 | D:3      | Noticed an orc priest
   232 | D:4      | Frozen to death by an endoplasm

Illustrated notes

Levels and vault maps discovered:
D:3:      layout_rooms
D:4:      layout_layer_cave, mainiacjoe_overflow_large_starburst
D:5:      layout_basic, kennysheep_orc_sif_temple

Action                   || total
-------------------------++-------
Melee: Hand axe          ||     2
       Trident           ||     1
 Fire: Hunting sling     ||    15
  Use: Potion            ||     1
Armor: Leather armour    ||     4
Dodge: Dodged            ||     7

Table legend: (Time is in decaauts)
 A = Elapsed time spent in this place.
 B = Non-inter-level travel time spent in this place.
 C = Inter-level travel time spent in this place.
 D = Time resting spent in this place.
 E = Time spent auto-exploring this place.
 F = Levels seen in this place.
 G = Mean time per level.
                   A        B        C        D        E       F      G
               +--------+--------+--------+--------+--------+-----+--------+
         Total |    233 |    233 |      0 |      0 |    147 |   3 |   77.7 |
       Dungeon |    233 |    233 |      0 |      0 |    147 |   3 |   77.7 |
               +--------+--------+--------+--------+--------+-----+--------+

Top non-repeatable levels by time:
     D:4: 214 daAuts
     D:5: 17 daAuts
     D:3: 1 daAuts
